 Dungeon Crawl Stone Soup version 0.30.1 (webtiles) character file.

Game seed: 2984654478044664282

52339 monsoonserge the Eclecticist (level 15, -9/94 HPs)
             Began as a Djinni Summoner on July 2, 2023.
             Was an Initiate of Gozag.
             Shot with an arrow by Vashnia (31 damage)
             ... on level 2 of the Snake Pit on July 3, 2023.
             The game lasted 02:13:15 (19452 turns).

monsoonserge the Eclecticist (Djinni Summoner)     Turns: 19452, Time: 02:13:15

Health: -9/94      AC: 12    Str:  7    XL:     15   Next: 5%
Gold:   2386       EV:  9    Int: 24    God:    Gozag SH:  9 Dex: 14

rFire   + + +        J - +4 short sword of the Dead {distort, rElec rC++ Will+}
rCold   + + .        b - +0 kite shield
rNeg    + + .        I - +2 ring mail {rC+}
rPois   ∞            X - +1 hat {SInv}
rElec   +            j - +0 cloak
rCorr   .            p - +0 pair of gloves
SInv    +            (boots unavailable)
Will    ++...        (no amulet)
Stlth   +            P - ring "Xoxuhoma" {rF+ rN++ Stlth-}
HPRegen 0.35/turn    (no ring)
MPRegen 0.00/turn

%: infuse magic (-10 HP)
@: flying
A: sickness immunity, fire resistance 2, cold vulnerability 1, float, innate
caster, HP casting, extra vitality 1
a: Renounce Religion, Potion Petition, Call Merchant, Bribe Branch


You were on level 2 of the Snake Pit.
You worshipped Gozag.
Gozag was most pleased with you.
You visited 5 branches of the dungeon, and saw 21 of its levels.
You also visited: Ossuary.

You collected 4810 gold pieces.
You spent 775 gold pieces at shops.
You paid 1649 gold pieces to Gozag.

Inventory:

Hand Weapons
 s - the +4 hand axe of Big Damage {venom, Will++ MP+9 Int+2 SInv}
   (You found it on level 6 of the Dungeon)

   Int:       It affects your intelligence (+2).
   MP:        It affects your magic capacity (+9).
   SInv:      It lets you see invisible.
   Will:      It greatly increases your willpower.
 G - the +9 quarterstaff of Ignis's Supremacy {heavy, rC+ rN+ Str+2}
   (You found it on level 8 of the Dungeon)

   Str:       It affects your strength (+2).
   rC:        It protects you from cold.
   rN:        It protects you from negative energy.
 H - a +0 trident
 J - the +4 short sword of the Dead (weapon) {distort, rElec rC++ Will+}
   (You bought it in a shop on level 3 of the Dungeon)

   rC:        It greatly protects you from cold.
   rElec:     It insulates you from electricity.
   Will:      It increases your willpower.
Missiles
 m - a throwing net
 n - 5 curare-tipped darts
 o - 2 boomerangs (quivered)
 N - 17 poisoned darts
Armour
 a - the +3 ring mail of the Enchanted Forest {Rampage rF- rC- Will+++}
   (You found it on level 5 of the Dungeon)

   rF:        It makes you vulnerable to fire.
   rC:        It makes you vulnerable to cold.
   Rampage:   It bestows one free step when moving towards enemies.
   Will:      It greatly increases your willpower.
 b - a +0 kite shield (worn)
 j - a +0 cloak (worn)
 p - a +0 pair of gloves (worn)
 I - a +2 ring mail of cold resistance (worn)
 X - a +1 hat of see invisible (worn)
Jewellery
 P - the ring "Xoxuhoma" (left hand) {rF+ rN++ Stlth-}
   (You bought it in a shop on level 10 of the Dungeon)

   [ring of protection from fire]

   rF:        It protects you from fire.
   rN:        It greatly protects you from negative energy.
   Stlth:     It makes you less stealthy.
Wands
 c - a wand of flame (35)
 D - a wand of paralysis (3)
 O - a wand of polymorph (8)
 R - a wand of acid (12)
 S - a wand of mindburst (6)
 U - a wand of digging (3)
 V - a wand of iceblast (5)
Scrolls
 e - 3 scrolls of brand weapon
 f - 2 scrolls of enchant weapon
 i - a scroll of summoning {unknown}
 k - 3 scrolls of immolation
 q - 9 scrolls of teleportation
 r - 2 scrolls of magic mapping
 t - 2 scrolls of amnesia {unknown}
 v - 2 scrolls of silence
 y - 3 scrolls of blinking
 C - 5 scrolls of vulnerability
 E - 2 scrolls of torment {unknown}
 K - a scroll of fog {unknown}
 Q - a scroll of enchant armour {unknown}
 W - a scroll of poison {unknown}
 Z - a scroll of fear {unknown}
Potions
 d - a potion of invisibility {unknown}
 g - 3 potions of ambrosia
 h - 6 potions of mutation
 u - 7 potions of heal wounds
 w - 13 potions of curing
 z - 2 potions of berserk rage
 A - 3 potions of might
 B - 2 potions of resistance {unknown}
 F - 5 potions of brilliance
 L - 3 potions of haste
 M - 2 potions of cancellation {unknown}
 T - a potion of lignification {unknown}
 Y - a potion of attraction {unknown}
Miscellaneous
 l - a phial of floods
 x - a phantom mirror


   Skills:
 + Level 4.7 Fighting
 + Level 5.1 Short Blades
 - Level 0.4 Staves
 + Level 7.5 Armour
 + Level 6.4 Dodging
 + Level 5.3 Stealth
 + Level 5.5 Shields
 * Level 16.1 Spellcasting
 + Level 3.1 Evocations


You knew the following spells:

 Your Spells              Type           Power      Damage    Failure   Level
a - Summon Small Mammal   Summ           100%       N/A       1%          1
b - Call Imp              Summ           100%       N/A       1%          2
c - Call Canine Familiar  Summ           77%        N/A       1%          3
d - Summon Guardian Gole  Hex/Summ       77%        N/A       1%          3
e - Summon Lightning Spi  Summ/Air       77%        N/A       1%          4
f - Sandblast             Erth           100%       2d20      1%          1
g - Searing Ray           Conj           100%       2d8       1%          2
h - Mephitic Cloud        Conj/Pois/Air  77%        N/A       1%          3
i - Anguish               Hex/Necr       38%        N/A       1%          4
j - Animate Dead          Necr           77%        N/A       1%          4
k - Iskenderun's Battles  Conj           77%        2d13      1%          5
l - Simulacrum            Ice/Necr       38%        N/A       9%          6
Your spell library was empty.

Dungeon Overview and Level Annotations

Branches:
Dungeon (12/15)            Temple (1/1) D:5            Lair (5/5) D:11
 Shoals (1/4) Lair:3        Snake (1/4) Lair:2        Slime (0/5) Lair:5
    Orc (0/2) D:9         Ossuary (visited)

Altars:
Ashenzari
Cheibriados
Dithmenos
Elyvilon
Fedhas
Gozag
Hepliaklqana
Makhleb
Nemelex Xobeh
Okawaru
Qazlal
Ru
Trog
Uskayaw
Wu Jian
Xom
Yredelemnul
Zin
The Shining One
Jiyva

Shops:
D:3 (   D:10 =   D:11 [

Annotations:
Snake:2 Vashnia


Innate Abilities, Weirdness & Mutations

You are immune to sickness and miasma.
You are immune to poison.
Your flesh is very heat resistant. (rF++)
You are vulnerable to cold. (rC-)
You float through the air rather than walking.
You learn spells naturally, not from books.
Your magical power is your life essence.
You have superior vitality. (+4 MHP)


Message History

The salamander hits your lightning spire with a +0 spear!
Your lightning spire is engulfed in flames.
Your lightning spire resists.
Your warg bites the salamander!
The salamander dies!
You swap places.
Vashnia the Elite Marksnaga comes into view.
She is wielding a +3 hand axe of draining and wearing a +1 barding of flying.
Vashnia shouts!
Vashnia unwields a +3 hand axe of draining.
Vashnia wields a +0 longbow.
Vashnia shoots an arrow.
You block the arrow.
Things that are here:
5 gold pieces; a +0 spear You swap places.
Vashnia shoots an arrow.
The arrow hits your warg.
You swap places.
Casting: Call Imp (safe; 1% risk of failure)
Confirm with . or Enter, or press ? or * to list all spells.
Okay, then.
Casting: Call Imp (safe; 1% risk of failure)
Confirm with . or Enter, or press ? or * to list all spells.
Casting: Anguish (mildly dangerous; 1% risk of failure)
Press: ? - help, Dir - look around, f - activate Vashnia resists with almost no effort.
* * * LOW HITPOINT WARNING * * *
Vashnia shoots an arrow.
The arrow hits your warg!!
Unknown command.
Press: ? - help, v - describe, . - travel The floor.
Casting: Anguish (mildly dangerous; 1% risk of failure)
Confirm with . or Enter, or press ? or * to list all spells.
Casting: Anguish (mildly dangerous; 1% risk of failure)
Press: ? - help, Dir - look around, f - activate Look: Vashnia, wielding a +0 longbow and wearing a +1 barding of flying (ally target, chance to affect: 14%)
Okay, then.
Casting: Anguish (mildly dangerous; 1% risk of failure)
Confirm with . or Enter, or press ? or * to list all spells.
Okay, then.
Your lightning spire disappears in a puff of smoke!
Vashnia shoots an arrow.
The arrow hits you!!
You die...
Your body crumbles into a pile of gold.

............###..N..#
...........# ##...##
..........#######..N#
........##........h#
#.###............5##
####.###..#..........#
....#.##9##.......$###
.........##.......§.#
...........##...@...#
......##...###......#
.....#####..###.....##
.....# #.............#
....)###.....####...#.#
....###......## #####.#
....#.........## #
...............#
..)............#


You could see Vashnia (ally target), a friendly warg (summoned) and a friendly
cerulean imp (summoned).

Vanquished Creatures
  Pikel (D:6)
  A cyclops (D:9)
  6 elephants
  4 black mambas
  A gargoyle (D:11)
  6 cane toads
  A rime drake (Lair:5)
  A komodo dragon (Lair:4)
  3 dream sheep (Lair:4)
  2 blink frogs (Lair:3)
  9 yaks
  2 wyverns
  A steam dragon (Lair:5)
  A vampire mosquito (D:10)
  Grum (D:10)
  A small abomination (Lair:5)
  4 water moccasins
  2 ice beasts (D:7)
  An ogre (D:4)
  3 wolves
  3 centaurs
  A lemure (D:6)
  3 kobold brigands
  A phantom (D:5)
  3 bullfrogs
  2 scorpions
  2 wights (D:8)
  A howler monkey (D:7)
  An electric eel (Lair:5)
  A hound (D:6)
  3 orc priests
  5 iguanas
  Terence (D:2)
  5 orc wizards
  2 gnolls (D:5)
  9 adders
  A shadow imp (D:7)
  A white imp (D:8)
  14 orcs
  3 bats
  3 endoplasms (D:1)
  A giant cockroach (D:3)
  A goblin (D:4)
  4 hobgoblins
  A jackal (D:5)
  17 kobolds
  3 quokkas
  7 ball pythons
  3 frilled lizards (D:2)
  4 rats
157 creatures vanquished.

Vanquished Creatures (collateral kills)
  Gastronok (D:11)
  2 hydras
  A great orb of eyes (shapeshifter) (D:11)
  An anaconda (Lair:5)
  An alligator (Lair:5)
  A two-headed ogre (D:10)
  A death yak (Lair:5)
  The ghost of Perinia the Covert, a journeyman KoEn of Wu Jian (D:11)
  Sonja (Lair:2)
  2 skysharks
  3 salamanders
  6 elephants
  4 black mambas
  A torpor snail (Lair:5)
  A naga mage (Snake:1)
  5 cane toads
  2 rime drakes
  An unseen horror (D:6)
  An ancient zyme (Lair:5)
  6 komodo dragons
  3 trolls
  2 polar bears (Lair:5)
  8 blink frogs
  3 dream sheep (Lair:4)
  2 shadows (D:10)
  A wraith (D:11)
  3 wyverns
  11 yaks
  A human (D:9)
  2 small abominations (Lair:5)
  2 steam dragons
  3 vampire mosquitoes (D:10)
  A warg (D:9)
  A naga (Snake:1)
  2 acid dragons
  9 water moccasins
  2 orc warriors
  3 black bears
  4 ice beasts
  2 ogres
  4 centaurs
  2 wolves (Lair:2)
  A kobold brigand (D:9)
  6 bullfrogs
  A gnoll sergeant (D:10)
  3 scorpions (Lair:5)
  3 wights (D:8)
  4 killer bees (D:10)
  An electric eel (Lair:5)
  An orc priest (D:9)
  A jelly (D:4)
  A sleepcap (D:6)
  2 gnoll boudas
  An iguana (D:6)
  5 orc wizards
  A centaur simulacrum (D:6)
  A bullfrog simulacrum (D:6)
  A mummy (Ossuary)
  A killer bee simulacrum (D:6)
  Robin (D:4)
  8 gnolls
  4 adders
  A river rat (D:4)
  2 white imps (D:6)
  A worm (D:2)
  A dart slug (D:4)
  21 orcs
  4 giant cockroaches
  5 hobgoblins
  4 jackals
  A quokka (D:4)
  2 ball pythons (D:4)
  A bat (D:1)
  7 gnoll skeletons (Ossuary)
  13 goblins
  11 kobolds
  3 kobold skeletons (Ossuary)
  15 orc skeletons (Ossuary)
  2 butterflies (Lair:5)
254 creatures vanquished.

Vanquished Creatures (others)
  2 hydras
  An anaconda (Snake:2)
  4 two-headed ogres
  A salamander mystic (Snake:1)
  A naga ritualist (Snake:2)
  The ghost of Klingon the Ruffian, a novice TrFi of the Shining One (D:6)
  2 salamanders (Snake:1)
  An elephant (Lair:5)
  3 black mambas
  A naga mage (Snake:2)
  A cane toad (Lair:2)
  A blink frog (Lair:5)
  A dream sheep (Lair:4)
  A wyvern (Lair:5)
  A wraith (Ossuary)
  8 yaks
  A steam dragon (Lair:5)
  A vampire mosquito (D:10)
  5 nagas
  A black bear (Lair:5)
  3 centaurs
  A lemure (D:6)
  A gnoll sergeant (D:5)
  6 electric eels (D:5)
  An orc priest (D:9)
  A kobold (D:9)
51 creatures vanquished.

Grand Total: 462 creatures vanquished

Notes
Turn   | Place    | Note
-------+----------+-------------------------------------------
     0 | D:1      | monsoonserge the Djinni Summoner began the quest for the
                  | Orb.
     0 | D:1      | monsoonserge set off with the following spells memorised:
                  | Summon Small Mammal, Call Imp, Call Canine Familiar, Summon
                  | Guardian Golem, Summon Lightning Spire.
     0 | D:1      | Reached XP level 1. HP: 15/15 MP: 0/0
   233 | D:1      | Found a faded altar of an unknown god.
   364 | D:1      | Reached XP level 2. HP: 2/21 MP: 0/0
  1001 | D:2      | Noticed Terence
  1101 | D:3      | Reached XP level 3. HP: 21/25 MP: 0/0
  1101 | D:3      | Learned a level 1 spell: Sandblast
  1121 | D:3      | Found Ruokk's Antique Weapon Boutique.
  1165 | D:3      | Reached skill level 4 in Spellcasting
  1165 | D:3      | Reached XP level 4. HP: 14/31 MP: 0/0
  1824 | D:2      | Killed Terence
  1825 | D:2      | Reached skill level 1 in Armour
  1825 | D:2      | Reached XP level 5. HP: 25/35 MP: 0/0
  1825 | D:2      | Learned a level 2 spell: Searing Ray
  2334 | D:3      | Found a bloodstained altar of Trog.
  2335 | D:3      | Found an opulent altar of Gozag.
  2343 | D:3      | Became a worshipper of Gozag Ym Sagoz the Greedy
  2627 | D:4      | Noticed an ogre
  2641 | D:4      | Killed an ogre
  2642 | D:4      | Reached skill level 5 in Spellcasting
  2642 | D:4      | Reached XP level 6. HP: 33/40 MP: 0/0
  2693 | D:4      | Noticed an ogre
  2708 | D:4      | Killed an ogre
  2709 | D:4      | Reached XP level 7. HP: 40/46 MP: 0/0
  2709 | D:4      | Learned a level 3 spell: Mephitic Cloud
  2772 | D:4      | Identified the +1 mace of the Dungeon {spect, Str+3}
  2774 | D:4      | Found a sand-covered staircase.
  2783 | Ossuary  | Entered an ossuary
  2783 | Ossuary  | Noticed a wraith
  2783 | Ossuary  | Noticed a wraith
  2783 | Ossuary  | Noticed a wraith
  2867 | Ossuary  | Noticed a wraith
  2922 | Ossuary  | Killed a wraith
  2923 | Ossuary  | Reached skill level 6 in Spellcasting
  3516 | D:4      | Noticed Robin
  3579 | D:4      | Killed Robin
  4366 | D:3      | Bought a twisted short sword for 200 gold pieces
  4366 | D:3      | Identified the +4 short sword of the Dead {distort, rElec
                  | rC++ Will+} (You bought it in a shop on level 3 of the
                  | Dungeon)
  4428 | D:5      | Entered Level 5 of the Dungeon
  4447 | D:5      | Reached XP level 8. HP: 44/51 MP: 0/0
  4559 | D:5      | Identified the +3 ring mail of the Enchanted Forest
                  | {Rampage rF- rC- Will+++}
  4743 | D:5      | Reached skill level 1 in Fighting
  4743 | D:5      | Reached skill level 7 in Spellcasting
  4942 | D:5      | Noticed a two-headed ogre
  4991 | D:5      | Found a staircase to the Ecumenical Temple.
  5227 | D:5      | Reached skill level 1 in Short Blades
  5227 | D:5      | Reached XP level 9. HP: 52/57 MP: 0/0
  5227 | D:5      | Learned a level 4 spell: Anguish
  5816 | D:5      | Reached skill level 8 in Spellcasting
  5942 | Temple   | Entered the Ecumenical Temple
  6185 | D:5      | Killed a two-headed ogre
  6252 | D:6      | Found a runed translucent gate.
  6252 | D:6      | Found a runed translucent gate.
  6253 | D:6      | Found a runed translucent gate.
  6262 | D:6      | Identified the +4 hand axe of Big Damage {venom, Will++
                  | MP+9 Int+2 SInv}
  6374 | D:6      | Killed an unseen horror
  6375 | D:6      | Reached skill level 9 in Spellcasting
  6422 | D:6      | Noticed Pikel
  6433 | D:6      | Killed Pikel
  6434 | D:6      | Reached XP level 10. HP: 54/64 MP: 0/0
  6497 | D:6      | Noticed Klingon's ghost (novice TrFi)
  7921 | D:8      | Identified the +9 quarterstaff of Ignis's Supremacy {heavy,
                  | rC+ rN+ Str+2}
  7942 | D:8      | Reached skill level 10 in Spellcasting
  8021 | D:8      | Reached skill level 5 in Armour
  8464 | D:9      | Noticed a two-headed ogre
  8470 | D:9      | Banished a two-headed ogre
  8662 | D:9      | Reached XP level 11. HP: 40/68 MP: 0/0
  8662 | D:9      | Learned a level 4 spell: Animate Dead
  8776 | D:9      | Found a staircase to the Orcish Mines.
  9040 | D:9      | Noticed a cyclops
  9052 | D:9      | Killed a cyclops
  9053 | D:9      | Reached skill level 1 in Shields
  9053 | D:9      | Reached skill level 11 in Spellcasting
  9236 | D:10     | Entered Level 10 of the Dungeon
  9322 | D:10     | Noticed a two-headed ogre
  9329 | D:10     | Killed a two-headed ogre
  9340 | D:10     | Bought the ring "Xoxuhoma" {rF+ rN++ Stlth-} for 575 gold
                  | pieces
  9346 | D:10     | Noticed Grum
  9373 | D:10     | Killed Grum
  9374 | D:10     | Reached skill level 5 in Dodging
  9670 | D:10     | Noticed a two-headed ogre
  9686 | D:10     | Killed a two-headed ogre
  9813 | D:10     | Noticed a two-headed ogre
  9822 | D:10     | Killed a two-headed ogre
  9823 | D:10     | Reached skill level 12 in Spellcasting
  9828 | D:10     | Reached XP level 12. HP: 48/76 MP: 0/0
 10096 | D:10     | Found a burning altar of Makhleb.
 10650 | D:6      | Killed Klingon's ghost
 10779 | D:11     | Noticed Gastronok
 10795 | D:11     | Found a runed translucent door.
 10797 | D:11     | Killed Gastronok
 10804 | D:11     | Found a staircase to the Lair.
 10886 | D:11     | Noticed Perinia's ghost (journeyman KoEn)
 11007 | D:11     | Noticed a two-headed ogre
 11015 | D:11     | Killed a two-headed ogre
 11460 | Lair:1   | Entered Level 1 of the Lair of Beasts
 11524 | Lair:1   | Identified the +0 robe of Gestures {Int+2}
 12170 | Lair:2   | Reached skill level 13 in Spellcasting
 12170 | Lair:2   | Reached skill level 1 in Evocations
 12506 | Lair:2   | Noticed Sonja
 12510 | Lair:2   | Killed Sonja
 12540 | Lair:2   | Reached XP level 13. HP: 51/82 MP: 0/0
 12540 | Lair:2   | Learned a level 5 spell: Iskenderun's Battlesphere
 12939 | Lair:2   | Found a staircase to the Snake Pit.
 13653 | Lair:3   | Noticed a four-headed hydra
 13658 | Lair:3   | Killed a four-headed hydra
 13837 | Lair:3   | Found a staircase to the Shoals.
 14746 | Lair:4   | Noticed a six-headed hydra
 14751 | Lair:4   | Killed a six-headed hydra
 14752 | Lair:4   | Reached skill level 5 in Shields
 14752 | Lair:4   | Reached skill level 14 in Spellcasting
 14837 | Lair:4   | Reached skill level 5 in Stealth
 15663 | Lair:5   | Entered Level 5 of the Lair of Beasts
 15689 | Lair:5   | Noticed a five-headed hydra
 15697 | Lair:5   | Killed a five-headed hydra
 15698 | Lair:5   | Reached XP level 14. HP: 39/89 MP: 0/0
 16180 | Lair:5   | Found a staircase to the Slime Pits.
 16182 | Lair:5   | Found a viscous altar of Jiyva.
 16531 | Lair:5   | Reached skill level 15 in Spellcasting
 16690 | Lair:5   | Reached skill level 5 in Short Blades
 17985 | D:11     | a goliath frog changed into a broodmother
 17985 | D:11     | Noticed a broodmother (glowing shapeshifter)
 17987 | D:11     | a broodmother changed into a ghost moth
 17987 | D:11     | Noticed a ghost moth (glowing shapeshifter)
 17988 | D:11     | a ghost moth changed into a four-headed hydra
 17994 | D:11     | Killed Perinia's ghost
 18004 | D:11     | an alligator changed into a bunyip
 18004 | D:11     | Noticed a bunyip (glowing shapeshifter)
 18008 | D:11     | a bunyip changed into a great orb of eyes
 18025 | D:11     | Identified the +0 scale mail "Losk" {rN+ Dex+6}
 18297 | Shoals:1 | Entered Level 1 of the Shoals
 18581 | Snake:1  | Entered Level 1 of the Snake Pit
 19206 | Snake:1  | You are sucked into a shaft and drop 1 floor!
 19395 | Snake:2  | Reached skill level 16 in Spellcasting
 19397 | Snake:2  | Reached XP level 15. HP: 36/94 MP: 0/0
 19397 | Snake:2  | Learned a level 6 spell: Simulacrum
 19445 | Snake:2  | Noticed Vashnia
 19452 | Snake:2  | Shot with an arrow by Vashnia

Illustrated notes

Levels and vault maps discovered:
D:1:      scummos_arrival_simple_fountains, layout_basic,
          shapermc_ecumenical_altar_petra, due_unseen_surprise
D:2:      layout_basic, serial_curves, eino_curves_02, eino_curves_01,
          eino_curves_02, minmay_distorted, uniq_terence
D:3:      layout_rooms, jmf_multi_god_temple, serial_shops, shop_statue
D:4:      wad_lake_hut, layout_basic, nicolae_ossuary_entry_monument,
          gup_sewer_entry_bubbles, uniq_robin
D:5:      cheibrodos_two_vegetables, layout_loops_ring,
          minmay_temple_entry_trees
D:6:      layout_basic, gammafunk_ghost_icy, serial_bayou_pond_c,
          grunt_decor_one_mirror, uniq_pikel
D:7:      layout_basic, dk_vineyard_2
D:8:      layout_cave_pools
D:9:      layout_cave_pools, erik_orc_4
D:10:     layout_rooms, mainiacjoe_overflow_divided_tiny, kennysheep_mini_moat,
          hangedman_corner_corridor, uniq_grum
D:11:     layout_rooms, lair_entry_dummy, ebering_ghost_inner_flame,
          uniq_gastronok
D:12:     layout_cross, serial_shops, shop
Temple:   minmay_crystal_spiral_temple
Lair:1:   layout_big_grid
Lair:2:   layout_gridlike, dummy_snake_entry, grunt_megastairs_3,
          infiniplex_staircase_pool, uniq_sonja
Lair:3:   layout_hall_layers, nicolae_shoals_entry_flooding
Lair:4:   layout_gridlike, chequers_serial_rivers_small_a, grunt_megastairs_5
Lair:5:   hellmonk_lair_end_abyssal_woods, layout_layer_cave, slime_entry_1,
          nicolae_lair_lakeside_cave, lemuel_fruit_fields
Shoals:1: layout_shoals, centaur_isle, uniq_kirke, uniq_donald
Snake:1:  layout_basic, nicolae_snake_salamander_stairs
Snake:2:  layout_chambers, portal_ice_cave_entry_pillars_2, basic_altar,
          serial_bayou_shore_b, uniq_saint_roka, uniq_jorgrun, uniq_mlioglotl,
          uniq_vashnia

Skill      XL: |  1  2  3  4  5  6  7  8  9 10 11 12 13 14 |
---------------+-------------------------------------------+-----
Spellcasting   | 4 5 6 7 9 10 12 13 14 16 | 16.1
Armour         | 1 2 3 4 5 6 7 |  7.5
Stealth        | 2 3 4 5 |  5.3
Fighting       | 1 2 3 4 |  4.7
Short Blades   | 1 2 3 4 5 |  5.1
Dodging        | 4 5 6 |  6.4
Shields        | 2 4 5 |  5.5
Evocations     | 2 3 |  3.1
Staves         | |  0.4

Action                     |  1- 3 |  4- 6 |  7- 9 | 10-12 | 13-15 || total
---------------------------+-------+-------+-------+-------+-------++-------
  Melee: Short sword       |    49 |       |    64 |   197 |   189 ||   499
         Staff             |       |     9 |     3 |       |       ||    12
         Morningstar       |       |       |    12 |       |       ||    12
         Punch             |       |       |       |     1 |       ||     1
  Throw: Boomerang         |       |       |       |       |     1 ||     1
   Cast: Summon Small Mamm |    22 |     2 |     8 |       |     5 ||    37
         Call Imp          |     9 |     7 |    21 |    29 |    47 ||   113
         Sandblast         |     4 |    40 |    10 |     1 |     2 ||    57
         Call Canine Famil |       |     5 |    26 |    32 |    59 ||   122
         Summon Guardian G |       |     2 |    12 |     8 |    37 ||    59
         Summon Lightning  |       |       |     4 |    16 |    46 ||    66
         Anguish           |       |       |     8 |    17 |    26 ||    51
         Mephitic Cloud    |       |       |     1 |    12 |    15 ||    28
         Iskenderun's Batt |       |       |       |       |     1 ||     1
 Invoke: Call Merchant     |       |       |       |     1 |     1 ||     2
  Evoke: Wand              |       |       |       |     1 |     1 ||     2
    Use: Scroll            |       |       |       |    10 |     7 ||    17
         Potion            |       |       |       |       |     2 ||     2
   Stab: Sleeping          |     1 |       |     2 |       |       ||     3
         Distracted        |       |       |     1 |     5 |     8 ||    14
         Confused          |       |       |       |     3 |     4 ||     7
 Armour: Robe              |     8 |       |       |       |       ||     8
         Leather armour    |       |     7 |    28 |       |       ||    35
         Ring mail         |       |       |     7 |    89 |    92 ||   188
  Dodge: Dodged            |    36 |    21 |    52 |    75 |    77 ||   261
  Block: Kite shield       |       |       |       |    54 |   100 ||   154
